AoeStats
← Alexander781987

Arabia

509536733Analyzed
1v1 RM · 5d ago on Sep 27, 2026· 28m 18s· 2 players
Game mode
Random Map
Map size
Tiny (2 player)
Population
200
Speed
Normal
Resources
Standard
Victory
Conquest
Starting age
Dark Age
Ending age
Imperial Age
RankedLock teamsTeams togetherTeam positionsShared explorationLock speedFull tech treeHidden civsTurbo modeCheats
Victory
Defeat
🇨🇳 Saracens · China
865
+15
🇺🇸 Celts · United States
845
-15
Alexander781987
10:59 Loom
12:44 Feudal Age
13:26 Man-at-Arms
14:52 Arson
18:45 Scale Mail Armor
18:55 Forging
18:50 Gold Mining
21:50 Castle Age
21:22 Double-Bit Axe
21:20 Horse Collar
25:46 Wheelbarrow
24:40 Long Swordsman
25:06 Gambesons
jaquelinewu
10:31 Feudal Age
12:15 Double-Bit Axe
13:00 Gold Mining
13:17 Loom
14:07 Bloodlines
23:23 Castle Age
22:26 Stone Mining
23:06 Man-at-Arms
27:43 Gold Shaft Mining
Connection lost

Rejoining the realm…

Still unreachable

The connection could not be restored.

Session expired

The server has moved on; the page needs a fresh start.